 Dungeon Crawl Stone Soup version 0.30-a0-1160-g6e42c06551 (webtiles) character file.

Game seed: 6842044372637813700

72336 juan097 the Severer (level 15, -3/141 HPs)
             Began as a Minotaur Berserker on Apr 25, 2023.
             Was a High Priest of Trog.
             Killed from afar by a wretched star (21 damage)
             ... with a lance of force
             ... while paralysed by a great orb of eyes
             ... on level 2 of the Abyss.
             The game lasted 00:53:02 (18045 turns).

juan097 the Severer (Minotaur Berserker)           Turns: 18045, Time: 00:53:04

Health: -3/141     AC: 17    Str: 27    XL:     15   Next: 0%
Magic:  11/11      EV:  2    Int:  4    God:    Trog [*****.]
Gold:   1606       SH:  0    Dex:  8    Spells: 14/14 levels left

rFire   + + .        a - +4 battleaxe (venom)
rCold   + + .        (shield currently unavailable)
rNeg    . . .        d - +1 chain mail {rF+}
rPois   +            (helmet restricted)
rElec   +            V - +2 cloak
rCorr   +            q - +2 pair of gloves
SInv    +            (no boots)
Will    +....        g - amulet of faith Stlth
                     c - +5 ring of evasion
HPRegen 0.00/turn    F - ring of Ynne {rPois rC+ SInv Stlth+}
MPRegen 0.12/turn

%: faith
@: paralysed, resistant, sick, unable to read
A: horns 2, retaliatory headbutt, [clumsy 2], [deformed body], [low MP 2],
[screaming 2], [inability to read after injury 2]
a: Renounce Religion, Berserk, Trog's Hand, Brothers in Arms


You were on level 2 of the Abyss.
You worshipped Trog.
Trog was extremely pleased with you.
You visited 2 branches of the dungeon, and saw 16 of its levels.
You visited the Abyss 1 time.
You also visited: Ossuary and Volcano.

You collected 1606 gold pieces.

Inventory:

Hand Weapons
 a - a +4 battleaxe of venom (weapon)
 b - a +1 sling of draining
 n - a +5 broad axe of flaming
 w - a +3 battleaxe of flaming
 U - a +2 antimagic executioner's axe
Missiles
 m - 51 poisoned darts (quivered)
 p - 5 javelins
 s - 15 boomerangs
 z - 5 curare-tipped darts
Armour
 d - a +1 chain mail of fire resistance (worn)
 q - a +2 pair of gloves (worn)
 V - a +2 cloak (worn)
Jewellery
 c - a +5 ring of evasion (left hand)
 g - an amulet of faith (around neck)
 C - a ring of flight
 F - the ring of Ynne (right hand) {rPois rC+ SInv Stlth+}
   (You acquired it on level 8 of the Dungeon)

   [ring of see invisible]

   rC:        It protects you from cold.
   rPois:     It protects you from poison.
   SInv:      It lets you see invisible.
   Stlth:     It makes you more stealthy.
 M - the ring of Jealousy {rF+ rN+}
   (You found it on level 5 of the Lair of Beasts)

   [ring of positive energy]

   rF:        It protects you from fire.
   rN:        It protects you from negative energy.
Wands
 i - a wand of charming (3)
 j - a wand of flame (26)
 l - a wand of acid (6)
 Q - a wand of iceblast (4)
 S - a wand of mindburst (16)
Scrolls
 f - a scroll of brand weapon
 t - 2 scrolls of blinking
 v - a scroll of summoning
 x - a scroll of fear
 y - a scroll of vulnerability
 E - 2 scrolls of magic mapping
 G - 3 scrolls of fog
 L - 3 scrolls of immolation
 N - a scroll of identify
 P - 2 scrolls of poison
 Y - 2 scrolls of enchant weapon
Potions
 e - a potion of resistance
 h - 5 potions of cancellation
 k - 2 potions of heal wounds
 o - 5 potions of mutation
 r - 3 potions of brilliance {unknown}
 u - 3 potions of curing {unknown}
 A - 2 potions of berserk rage {unknown}
 B - 3 potions of might {unknown}
 D - 7 potions of haste {unknown}
 H - 3 potions of invisibility {unknown}
 I - 2 potions of attraction
 J - 5 potions of magic {unknown}
 K - 3 potions of flight {unknown}
 W - 2 potions of lignification


   Skills:
 + Level 15.4 Fighting
 + Level 19.0 Axes
 - Level 8.0 Ranged Weapons
 - Level 4.0 Throwing
 + Level 13.6 Armour
 - Level 8.0 Dodging
 - Level 8.0 Evocations


You had 14 spell levels left.
You didn't know any spells.
Your spell library was empty.

Dungeon Overview and Level Annotations

Branches:
Dungeon (11/15)            Temple (0/1) D:4            Lair (5/5) D:10
  Swamp (0/4) Lair:3        Snake (0/4) Lair:2        Slime (0/5) Lair:5
Ossuary (visited)         Volcano (visited)
    Orc: D:9-12

Altars:
Dithmenos
Gozag
Kikubaaqudgha
Makhleb
Nemelex Xobeh
Ru
Vehumet
Xom
Yredelemnul
Zin
The Shining One
Jiyva

Shops:
D:7 *

Portals:
Trove: D:10 (give 4 scrolls of blinking)

Annotations:
D:6 1 runed translucent door, Tollund's ghost, novice DsGl


Innate Abilities, Weirdness & Mutations

You have a pair of horns on your head.
You reflexively headbutt those who attack you in melee.
[You are very clumsy. (Dex -4)]
[Armour fits poorly on your strangely shaped body.]
[Your magical capacity is very low. (-20% MP)]
[You frequently scream uncontrollably at your foes.]
[You sometimes lose the ability to read scrolls when taking damage.]


Message History

Trog accepts your kill. The efreet gestures at you.
The fireball explodes!
The fireball engulfs you. You resist.
* * * LOW HITPOINT WARNING * * *
You hear a shout!
The flying skull gives a hideous shriek!
The efreet completely misses you.
You hit the efreet but do no damage. You headbutt the efreet.
The efreet is lightly wounded.
You barely miss the flying skull. The flying skull closely misses you.
You hit the efreet but do no damage.
The efreet is lightly wounded.
You completely miss the flying skull.
The flying skull hits you but does no damage.
The efreet hits you with a +1 scimitar of flaming.
* * * LOW HITPOINT WARNING * * *
A great orb of eyes comes into view.
The wretched star pulses with an eldritch light!
You feel less energetic. x2
The great orb of eyes turns its gaze towards you.
You slash the flying skull! Your headbutt misses the flying skull.
The flying skull is heavily damaged.
You hit the efreet. The flying skull misses you. You furiously retaliate!
You headbutt the flying skull.
The efreet hits you with a +1 scimitar of flaming.
* * * LOW HITPOINT WARNING * * *
The great orb of eyes gazes at you.
You suddenly lose the ability to move!
The flying skull hits you but does no damage.
The flying skull barely misses you. The efreet barely misses you.
The wretched star pulses with an eldritch light!
Your body twists and deforms.
The flying skull hits you but does no damage.
The efreet hits you with a +1 scimitar of flaming!
* * * LOW HITPOINT WARNING * * *
The efreet burns you.
* * * LOW HITPOINT WARNING * * *
The wretched star glows turbulently.
The lance of force hits you!!
You die...

### ..#.. ....
. #... G# #..
.# ##.# .##
##...## D..##
#....*#.....#
...###z@.#
#..R..#
...........
....#.....#....
... ##...###...
#.# ##.## #.#
.. ... .. ...


You could see a bone dragon, a wretched star, a great orb of eyes, an efreet and
a flying skull.

Vanquished Creatures
  A tentacled starspawn (Abyss:2)
  4 dire elephants (Lair:5)
  A blizzard demon (Abyss:2)
  A ghost crab (Lair:3)
  A great orb of eyes (Abyss:2)
  4 hydras
  Erolcha (D:9)
  A centaur warrior (D:8)
  6 two-headed ogres
  5 death yaks
  4 hell hogs
  A fire crab (Volcano)
  A spectral anaconda (Lair:5)
  3 large abominations (Abyss:2)
  A spectral death yak (Lair:5)
  A spectral hydra (Lair:3)
  2 obsidian statues
  3 necromancers (Lair:5)
  2 cyclopes (D:8)
  An oklob plant (Lair:5)
  A manticore (D:8)
  8 centaur zombies (D:10)
  A dire elephant zombie (Lair:5)
  Joseph (D:7)
  20 elephants
  A black mamba (Lair:3)
  A smoke demon (Abyss:2)
  Maggie (D:8)
  A gargoyle (D:11)
  6 komodo dragons
  3 kobold demonologists
  9 cane toads
  An unseen horror (D:11)
  6 rime drakes
  An ice devil (Abyss:2)
  An ancient zyme (Abyss:2)
  3 trolls
  4 polar bears
  A meliai (D:8)
  2 raiju (Abyss:2)
  2 spectral elephants
  24 blink frogs
  A ynoxinul (Abyss:2)
  2 shadows (D:10)
  4 wyverns
  A vampire (D:8)
  5 small abominations (Abyss:2)
  8 fire bats (Volcano)
  A dire elephant simulacrum (Lair:5)
  51 yaks
  4 steam dragons
  2 vampire mosquitoes (D:8)
  3 death yak simulacra (Lair:5)
  4 basilisks
  A spectral komodo dragon (Lair:3)
  2 spectral cane toads
  An acid dragon (D:6)
  A naga (Lair:2)
  2 hell hounds (Abyss:2)
  11 water moccasins
  2 ice beasts
  4 orc warriors
  3 sky beasts (D:8)
  2 black bears
  2 elephant skeletons (Lair:5)
  An ogre (D:11)
  4 centaurs
  21 wolves
  Blork the orc (D:5)
  8 kobold brigands
  9 bullfrogs
  3 gnoll sergeants
  4 scorpions
  3 wights (D:8)
  15 killer bees
  2 elephant simulacra (Lair:5)
  5 electric eels
  A quasit (D:4)
  7 lava snakes (Volcano)
  2 human zombies (Ossuary)
  3 orc priests
  3 hounds
  A sleepcap (D:6)
  A gnoll bouda (D:6)
  2 iron imps (Abyss:2)
  2 iguanas
  10 orc wizards
  7 hell rats
  4 mummies (Ossuary)
  2 howler monkey zombies (D:10)
  20 gnolls
  6 adders
  5 river rats
  A shadow imp (D:6)
  9 white imps
  An ufetubus (D:4)
  4 worms
  2 dart slugs (D:1)
  24 orcs
  6 ball pythons
  4 endoplasms
  2 giant cockroaches
  A gnoll zombie (Ossuary)
  4 goblins
  2 hobgoblins
  2 jackals (D:5)
  23 kobolds
  5 quokkas
  5 bats
  4 frilled lizards
  5 goblin zombies (Ossuary)
  11 rats
  3 bushes (Lair:5)
529 creatures vanquished.

Vanquished Creatures (collateral kills)
  A tentacled starspawn (Abyss:2)
  A fire bat (Volcano)
  A steam dragon (Volcano)
  A shadow imp (Abyss:2)
  A white imp (Abyss:2)
5 creatures vanquished.

Vanquished Creatures (others)
  An elephant (Lair:5)
  A small abomination (Abyss:2)
  A demonic plant (D:4)
  34 fungi
  77 plants
  10 starspawn tentacles (Abyss:2)
  34 withered plants (Lair:5)
158 creatures vanquished.

Grand Total: 692 creatures vanquished

Notes
Turn   | Place    | Note
-------+----------+-------------------------------------------
     0 | D:1      | juan097 the Minotaur Berserker began the quest for the Orb.
     0 | D:1      | Reached XP level 1. HP: 19/19 MP: 0/0
    60 | D:1      | Reached skill level 4 in Axes
   130 | D:1      | Reached XP level 2. HP: 23/26 MP: 1/1
   302 | D:1      | Found a faded altar of an unknown god.
   546 | D:1      | Reached ** piety under Trog
   878 | D:2      | Reached skill level 5 in Axes
   878 | D:2      | Reached XP level 3. HP: 31/31 MP: 2/2
  1539 | D:3      | Found an ancient bone altar of Kikubaaqudgha.
  1571 | D:3      | Reached skill level 6 in Axes
  1571 | D:3      | Reached XP level 4. HP: 39/39 MP: 3/3
  1978 | D:3      | Found a glowing golden altar of the Shining One.
  2333 | D:3      | Noticed a scorpion
  2338 | D:3      | Killed a scorpion
  2339 | D:3      | Reached skill level 7 in Axes
  2339 | D:3      | Reached XP level 5. HP: 35/45 MP: 4/4
  2542 | D:4      | Reached skill level 1 in Throwing
  2618 | D:4      | Reached *** piety under Trog
  2626 | D:4      | Reached XP level 6. HP: 51/52 MP: 5/5
  2773 | D:4      | Found a staircase to the Ecumenical Temple.
  2926 | D:4      | Found a sacrificial altar of Ru.
  3149 | D:5      | Entered Level 5 of the Dungeon
  3263 | D:5      | Noticed Blork the orc
  3279 | D:5      | Killed Blork the orc
  3280 | D:5      | Reached XP level 7. HP: 60/60 MP: 6/6
  3747 | D:6      | Reached skill level 5 in Fighting
  3767 | D:6      | Reached skill level 8 in Axes
  3767 | D:6      | Reached **** piety under Trog
  3824 | D:6      | Found a runed translucent door.
  3824 | D:6      | Noticed Tollund's ghost (novice DsGl)
  3927 | D:6      | Found a sand-covered staircase.
  3932 | Ossuary  | Entered an ossuary
  4004 | Ossuary  | Reached skill level 5 in Armour
  4151 | D:6      | Reached XP level 8. HP: 70/70 MP: 7/7
  4197 | D:6      | Reached skill level 1 in Ranged Weapons
  4533 | D:6      | Identified a scroll of acquirement
  4584 | D:6      | Reached ***** piety under Trog
  4988 | D:7      | Noticed Joseph
  4997 | D:7      | Killed Joseph
  4998 | D:7      | Reached XP level 9. HP: 55/79 MP: 8/8
  5169 | D:7      | Reached skill level 9 in Axes
  5488 | D:7      | Found Woorurpho's Elemental Accessories.
  5591 | D:7      | Reached skill level 5 in Dodging
  5755 | D:8      | Noticed a kobold demonologist
  5755 | D:8      | Noticed a kobold demonologist
  5757 | D:8      | Noticed a red devil
  5757 | D:8      | Noticed an orange demon
  5758 | D:8      | Noticed an ice devil
  5912 | D:8      | Killed a kobold demonologist
  5913 | D:8      | Killed a kobold demonologist
  5914 | D:8      | Reached skill level 10 in Axes
  5917 | D:8      | Received a gift from Trog
  5943 | D:8      | Identified the +8 long sword of Due Proportion {drain,
                  | rElec rPois rF+ Dex+4}
  5945 | D:8      | Noticed a cyclops
  5945 | D:8      | Noticed a manticore
  5952 | D:8      | Killed a cyclops
  5953 | D:8      | Reached XP level 10. HP: 81/91 MP: 9/9
  5955 | D:8      | Noticed a centaur warrior
  5956 | D:8      | Killed a manticore
  5959 | D:8      | Noticed a two-headed ogre
  5964 | D:8      | Killed a centaur warrior
  5965 | D:8      | Reached skill level 10 in Fighting
  5965 | D:8      | Reached skill level 11 in Axes
  5969 | D:8      | Killed a two-headed ogre
  5970 | D:8      | Reached skill level 12 in Axes
  6194 | D:8      | Noticed a cyclops
  6197 | D:8      | Killed a cyclops
  6304 | D:8      | Reached skill level 13 in Axes
  6434 | D:8      | Reached XP level 11. HP: 93/102 MP: 10/10
  6607 | D:8      | Noticed Maggie
  6618 | D:8      | Killed Maggie
  6825 | D:8      | Found a radiant altar of Vehumet.
  6825 | D:8      | Found a burning altar of Makhleb.
  6877 | D:8      | Found a glowing silver altar of Zin.
  6880 | D:8      | Found a faded altar of an unknown god.
  6882 | D:8      | Found a sparkling altar of Nemelex Xobeh.
  7072 | D:8      | Acquired the ring of Ynne {rPois rC+ SInv Stlth+}
  7267 | D:9      | Found a shadowy altar of Dithmenos.
  7283 | D:9      | Reached skill level 14 in Axes
  7448 | D:9      | Noticed Erolcha
  7473 | D:9      | Killed Erolcha
  7581 | D:9      | Found an opulent altar of Gozag.
  7647 | D:9      | Received a gift from Trog
  7737 | D:9      | Found a shimmering altar of Xom.
  7980 | D:10     | Entered Level 10 of the Dungeon
  7980 | D:10     | Noticed a death yak
  7991 | D:10     | Killed a death yak
  8201 | D:10     | Reached skill level 5 in Ranged Weapons
  8353 | D:10     | Found a basalt altar of Yredelemnul.
  8619 | D:10     | Noticed a death yak
  8621 | D:10     | Noticed a death yak
  8627 | D:10     | Reached XP level 12. HP: 102/113 MP: 11/11
  8631 | D:9      | Killed a death yak
  8748 | D:10     | Found a staircase to the Lair.
  8852 | D:10     | Killed a death yak
  8997 | D:10     | Identified the +1 longbow of the Unliving {flame, Str+4}
  9112 | D:10     | Found a portal to a secret trove of treasure.
  9306 | Lair:1   | Entered Level 1 of the Lair of Beasts
  9310 | Lair:1   | Reached skill level 15 in Axes
  9315 | Lair:1   | Reached skill level 10 in Armour
  9411 | Lair:1   | Reached ****** piety under Trog
  9450 | Lair:1   | Received a gift from Trog
  9497 | Lair:1   | Reached skill level 1 in Evocations
  9583 | Lair:1   | Found a dark tunnel.
  9663 | Volcano  | Entered a volcano
  9835 | Volcano  | Noticed a hell hog
  9846 | Volcano  | Killed a hell hog
  9854 | Volcano  | Found a radiant altar of Vehumet.
 10739 | Lair:2   | Found a staircase to the Snake Pit.
 10864 | Lair:2   | Received a gift from Trog
 11103 | Lair:2   | Reached XP level 13. HP: 124/124 MP: 12/12
 11876 | Lair:3   | Reached skill level 16 in Axes
 12538 | Lair:3   | Reached skill level 5 in Evocations
 12602 | Lair:3   | Received a gift from Trog
 12823 | Lair:3   | Found a staircase to the Swamp.
 13483 | Lair:4   | Reached skill level 17 in Axes
 14013 | Lair:5   | Entered Level 5 of the Lair of Beasts
 14421 | Lair:5   | Reached XP level 14. HP: 114/132 MP: 13/13
 14431 | Lair:5   | Received a gift from Trog
 14515 | Lair:5   | Reached skill level 18 in Axes
 14628 | Lair:5   | Found a viscous altar of Jiyva.
 14629 | Lair:5   | Found a staircase to the Slime Pits.
 16715 | Lair:5   | Identified the ring of Jealousy {rF+ rN+}
 17515 | D:11     | Found an opulent altar of Gozag.
 17541 | D:11     | Identified the +1 leather armour of Mourgh {rF+ Int-2
                  | Dex+3}
 17579 | D:11     | Paralysed by an ogre mage for 4 turns
 17582 | Abyss:2  | Cast into level 2 of the Abyss (two-headed ogre)
 17663 | Abyss:2  | Noticed a tentacled starspawn
 17683 | Abyss:2  | Reached skill level 15 in Fighting
 17685 | Abyss:2  | Killed a tentacled starspawn
 17687 | Abyss:2  | Received a gift from Trog
 17844 | Abyss:2  | Noticed a bone dragon
 17848 | Abyss:2  | Noticed a tentacled starspawn
 17871 | Abyss:2  | Killed a tentacled starspawn
 17872 | Abyss:2  | Reached skill level 19 in Axes
 17896 | Abyss:2  | Noticed a bone dragon
 17964 | Abyss:2  | Noticed a green very ugly thing
 18028 | Abyss:2  | Reached XP level 15. HP: 73/141 MP: 14/14
 18043 | Abyss:2  | Paralysed by a great orb of eyes for 3 turns
 18045 | Abyss:2  | Killed from afar by a wretched star

Illustrated notes

Levels and vault maps discovered:
D:1:      lemuel_arrival_hallway, layout_basic,
          dreamdust_ecumenical_altar_grove, chequers_serial_rivers_micro_a,
          dreamdust_wishing_well, dk_noncrumbling_4
D:2:      layout_loops_cross, st_stairs_3
D:3:      layout_loops_corners, mainiacjoe_overflow_cross_hatched,
          lemuel_round_altar, chequers_garden, minmay_misc_feat_tiny
D:4:      layout_rooms, nicolae_ru_awakened_eye, minmay_temple_entry_fiery,
          serial_demonic, serial_demonic_c, serial_demonic_d, serial_demonic_g,
          serial_demonic_g
D:5:      layout_basic, uniq_blork_the_orc
D:6:      layout_loops_cross, ebering_ghost_sewer_d, enter_ossuary_2,
          portal_sewer_entry_e, chequers_avenue, kennysheep_generic_room_12
D:7:      layout_loops_cross, nicolae_elemental_shop, uniq_joseph
D:8:      minmay_the_grid_plus [minmay_the_grid_pillar_ring,
          minmay_the_grid_plusring, minmay_the_grid_medium_cups,
          minmay_the_grid_small_cups,
          minmay_the_grid_prize_four_corners_diamond_a], layout_rooms,
          chequers_temple_overflow_minitemple, uniq_maggie
D:9:      layout_irregular_city, nicolae_dithmenos_the_darkroom,
          mainiacjoe_overflow_alcove_1, lemuel_doored_altar, uniq_erolcha
D:10:     layout_basic, nicolae_yredelemnul_corpse_copse, dpeg_lair_monsters,
          nicolae_trove_entry_crystal
D:11:     layout_irregular_city, nicolae_gozag_seed_capital
Lair:1:   beast_lair_carwin_large_1, layout_long_grid,
          nicolae_volcano_entry_two_sided, serial_bayou, serial_bayou_crossing,
          serial_bayou_lagoon_b, serial_bayou_pond_c, serial_bayou_lagoon_a
Lair:2:   layout_cave_pods, guppyfry_snake_entry_island
Lair:3:   layout_chaotic_city, nicolae_swamp_entry_spooky
Lair:4:   layout_hall_layers
Lair:5:   due_jungle_book, layout_misc_corridors, slime_entry_1,
          minmay_lair_oklob_bushes, grunt_megastairs_5
Abyss:2:  base: D:5, minivault_22, minivault_22, hangedman_abyss_stitches_cave

Skill      XL: |  1  2  3  4  5  6  7  8  9 10 11 12 13 14 |
---------------+-------------------------------------------+-----
Axes           | 4 5 6 7 8 10 13 14 15 17 19 | 19.0
Fighting       | 4 6 7 9 11 12 14 15 | 15.4
Throwing       | 1 2 4 |  4.0
Armour         | 3 5 7 8 9 11 12 13 | 13.6
Dodging        | 3 4 5 6 8 |  8.0
Ranged Weapons | 3 4 6 8 |  8.0
Evocations     | 3 7 8 |  8.0

Action                     |  1- 3 |  4- 6 |  7- 9 | 10-12 | 13-15 || total
---------------------------+-------+-------+-------+-------+-------++-------
  Melee: Hand axe          |    82 |    25 |       |       |       ||   107
         Headbutt          |     9 |    11 |    44 |    87 |   121 ||   272
         Punch             |     1 |     1 |     2 |     1 |       ||     5
         Broad axe         |       |    62 |   227 |    54 |       ||   343
         Whip              |       |     4 |       |       |       ||     4
         Battleaxe         |       |       |       |   332 |   500 ||   832
   Fire: Sling             |       |       |    17 |   155 |   132 ||   304
  Throw: Dart              |       |    10 |     2 |     4 |     4 ||    20
 Invoke: Berserk           |       |     2 |     2 |     1 |     1 ||     6
         Trog's Hand       |       |       |     1 |     2 |     8 ||    11
         Brothers in Arms  |       |       |       |     1 |     1 ||     2
  Evoke: Wand              |       |       |       |     6 |     3 ||     9
    Use: Scroll            |       |       |    10 |     6 |    10 ||    26
         Potion            |       |       |       |       |     6 ||     6
 Armour: Ring mail         |    21 |    23 |    19 |       |       ||    63
         Acid dragon scale |       |       |    41 |   120 |       ||   161
         Chain mail        |       |       |       |     8 |   251 ||   259
  Dodge: Dodged            |    61 |    96 |   165 |   360 |   401 ||  1083

Table legend: (Time is in decaauts)
 A = Elapsed time spent in this place.
 B = Non-inter-level travel time spent in this place.
 C = Inter-level travel time spent in this place.
 D = Time resting spent in this place.
 E = Time spent auto-exploring this place.
 F = Levels seen in this place.
 G = Mean time per level.
                   A        B        C        D        E       F      G
               +--------+--------+--------+--------+--------+-----+--------+
         Total |  18064 |  16877 |   1187 |    105 |  12404 |  19 |  950.7 |
       Dungeon |   9439 |   8958 |    481 |      0 |   6817 |  11 |  858.1 |
          Lair |   7647 |   6942 |    705 |     14 |   5451 |   5 | 1529.4 |
         Abyss |    452 |    452 |      0 |     91 |     49 |   1 |  452.0 |
       Ossuary |    195 |    195 |      0 |      0 |      0 |   1 |  195.0 |
       Volcano |    330 |    330 |      0 |      0 |     87 |   1 |  330.0 |
               +--------+--------+--------+--------+--------+-----+--------+

Top non-repeatable levels by time:
  Lair:5: 2955 daAuts
     D:8: 1308 daAuts
  Lair:2: 1236 daAuts
  Lair:1: 1226 daAuts
  Lair:3: 1197 daAuts
    D:10: 1140 daAuts
     D:9: 1132 daAuts
     D:6: 1125 daAuts
     D:3: 1075 daAuts
  Lair:4: 1032 daAuts
     D:1: 849 daAuts
     D:7: 797 daAuts
     D:2: 687 daAuts
     D:4: 567 daAuts
     D:5: 567 daAuts
